 Dungeon Crawl Stone Soup version 0.21.1-1-g345015f (webtiles) character file.

118 Mgcat the Insei (level 5, -1/34 HPs)
             Began as an Octopode Transmuter on Mar 23, 2018.
             Slain by a scorpion (7 damage)
             ... on level 4 of the Dungeon.
             The game lasted 00:04:12 (1385 turns).

Mgcat the Insei (Octopode Transmuter)               Turns: 1385, Time: 00:04:12

Health: -1/34      AC:  1    Str: 10    XL:     5   Next: 2%
Magic:  8/8        EV: 19    Int: 16    God:
Gold:   84         SH:  0    Dex: 17    Spells: 7/8 levels left

rFire    x . .     SeeInvis .     - Unarmed
rCold    + . .     Gourm    .   (no shield)
rNeg     . . .     Faith    .   (helmet restricted)
rPois    .         Spirit   .   (no amulet)
rElec    .         Reflect  .   i - ring of ice {rC+, rF-}
rCorr    .         Harm     .   (no ring)
MR       .....                  (no ring)
Stlth    ++++......             (no ring)
HPRegen  0.11/turn              (no ring)
MPRegen  0.11/turn              (no ring)
                                (no ring)
                                (no ring)

@: agile, lethally poisoned (-1 -> -8)
A: almost no armour, stealthy swim, amphibious, 8 rings, constrict 8, camouflage
1, gelatinous body 1
a: no special abilities


You were on level 4 of the Dungeon.
You were not hungry.

You visited 1 branch of the dungeon, and saw 4 of its levels.

You collected 84 gold pieces.

Inventory:

Missiles
 a - 33 arrows
Jewellery
 i - a ring of ice (left tentacle) {rC+, rF-}
   (You found it on level 1 of the Dungeon)
Scrolls
 e - 3 scrolls of teleportation {unknown}
 g - a scroll of amnesia {unknown}
 j - a scroll of remove curse {unknown}
 k - a scroll of magic mapping {unknown}
 m - a scroll of immolation {unknown}
Potions
 n - 2 potions of resistance
Books
 b - a book of Changes
Comestibles
 c - 7 rations


   Skills:
 + Level 2.3 Fighting
 - Level 2.0 Dodging
 + Level 3.0 Stealth
 + Level 3.8 Unarmed Combat
 - Level 2.0 Spellcasting
 + Level 3.0 Transmutations


You had 7 spell levels left.
You knew the following spells:

 Your Spells              Type           Power        Failure   Level  Hunger
a - Beastly Appendage     Tmut           ##....       6%          1    #......


Dungeon Overview and Level Annotations

Branches:
Dungeon (4/15)
 Temple: D:4-7

Altars:

Annotations:
D:3 ceb's ghost, amateur DsFi


Innate Abilities, Weirdness & Mutations

You cannot wear most types of armour.
You are very stealthy in the water. (Stealth+)
You are amphibious.
You can wear up to eight rings at the same time.
You can use your tentacles to constrict eight enemies at once.
Your skin changes colour to match your surroundings (Stealth+).
Your rubbery body absorbs attacks. (AC +1, EV +1)


Message History

The adder skeleton is lightly damaged.
The adder skeleton bites you.
You barely miss the adder skeleton. Your grab misses the adder skeleton.
You pierce the adder skeleton!
You destroy the adder skeleton!
An orc comes into view.
It is wielding a short sword of electrocution.
You tentacle-slap the phantom.
You pierce the phantom, but do no damage.
The phantom is lightly damaged.
The phantom barely misses you.
Your magical contamination has completely faded away.
You tentacle-slap the phantom but do no damage.
Your squeeze misses the phantom.
The phantom is lightly damaged.
You tentacle-slap the phantom.
Your tentacle-slap misses the phantom.
The phantom is lightly damaged.
The phantom hits you.
It was a potion of resistance.
You feel protected. The phantom closely misses you.
You miss the phantom.
The phantom is lightly damaged.
The phantom hits you!
The phantom blinks!
The ball python hisses angrily.
You tentacle-slap the orc. You grab the orc.
The orc is lightly wounded.
You constrict the orc. The orc closely misses you.
You tentacle-slap the orc.
The orc is severely wounded.
Your transformation is almost over.
You constrict the orc. The orc barely misses you.
A scorpion comes into view.
You tentacle-slap the orc.
You kill the orc!
You tentacle-slap the orc. You grab the orc.
Your tentacle spike misses the orc.
The orc is moderately wounded.
You constrict the orc. The orc barely misses you.
You tentacle-slap the orc. You squeeze the orc, but do no damage.
The orc is severely wounded.
You constrict the orc, but do no damage.
The orc hits you with a short sword of electrocution.
* * * LOW HITPOINT WARNING * * *
You tentacle-slap the orc but do no damage.
You kill the orc!
Your Transmutations skill increases to level 3!
You tentacle-slap the adder. You grab the adder.
You pierce the adder, but do no damage.
Your squeeze misses the adder.
The adder is moderately wounded.
You constrict the adder. The adder misses you. The adder barely misses you.
You tentacle-slap the adder.
The adder is almost dead.
You constrict the adder. The adder bites you but does no damage.
You release your grip on the adder.
You miss the adder. Your grab misses the adder. Your squeeze misses the adder.
The adder is almost dead.
The adder bites you.
* * * LOW HITPOINT WARNING * * *
You miss the adder. You grab the adder.
You kill the adder!
Your Stealth skill increases to level 3!
You have reached level 5!
You feel stronger.
Your tentacle spike disappears.
It was a potion of cancellation.
Your magical effects are unravelling.
You feel magically purged.
Your resistance to elements expires.
The scorpion stings you.
* * * LOW HITPOINT WARNING * * *
The phantom blinks!
It was a potion of curing.
You feel better. The scorpion stings you.
* * * LOW HITPOINT WARNING * * *
You are lethally poisoned!
The scorpion poisons you!
It was a potion of agility.
You feel agile all of a sudden.
* * * LOW HITPOINT WARNING * * *
You feel sick. The scorpion completely misses you.
You closely miss the scorpion. You grab the scorpion.
You squeeze the scorpion, but do no damage.
You constrict the scorpion, but do no damage.
* * * LOW HITPOINT WARNING * * *
You feel sick. The scorpion barely misses you.
You tentacle-slap the scorpion.
The scorpion is moderately wounded.
You constrict the scorpion.
* * * LOW HITPOINT WARNING * * *
You feel sick. The scorpion barely misses you.
You tentacle-slap the scorpion.
The scorpion is heavily wounded.
You constrict the scorpion, but do no damage.
The scorpion misses you.
You tentacle-slap the scorpion but do no damage.
You squeeze the scorpion.
The scorpion is severely wounded.
You constrict the scorpion.
* * * LOW HITPOINT WARNING * * *
You feel sick. The scorpion stings you!
You die...

### #.> #.#
#.# ########
#@###......##
#s##........#
#S#S<........
#oW..........
##...........
#...........
##..?.......
#.........#
#.....W.%..


You could see a phantom, a scorpion, an orc and a ball python.

Vanquished Creatures
  A howler monkey (D:4)
  2 adders
  An adder skeleton (D:4)
  2 worms (D:2)
  2 dart slugs (D:1)
  2 orcs (D:4)
  2 giant cockroaches (D:1)
  8 goblins
  8 hobgoblins
  2 jackals (D:2)
  A quokka (D:4)
  6 bats
  5 frilled lizards
  6 kobolds
  3 rats
51 creatures vanquished.

Notes
Turn   | Place    | Note
-------+----------+-------------------------------------------
     0 | D:1      | Mgcat the Octopode Transmuter began the quest for the Orb.
     0 | D:1      | Reached XP level 1. HP: 13/13 MP: 3/3
   125 | D:1      | Reached skill level 1 in Stealth
   125 | D:1      | Reached XP level 2. HP: 15/18 MP: 3/5
   528 | D:1      | Reached XP level 3. HP: 23/23 MP: 4/6
   752 | D:2      | Reached skill level 2 in Stealth
   923 | D:2      | Reached XP level 4. HP: 22/29 MP: 5/7
  1127 | D:2      | Reached skill level 2 in Fighting
  1300 | D:3      | Noticed ceb's ghost (amateur DsFi)
  1345 | D:4      | Noticed a phantom
  1372 | D:4      | HP: 7/29 [orc/short sword of electrocution (3)]
  1373 | D:4      | Reached skill level 3 in Transmutations
  1377 | D:4      | HP: 2/29 [adder (5)]
  1378 | D:4      | Reached skill level 3 in Stealth
  1378 | D:4      | Reached XP level 5. HP: 3/34 MP: 8/8
  1382 | D:4      | HP: 7/34 [poisoned by a scorpion]
  1385 | D:4      | Slain by a scorpion

Skill      XL: |  1  2  3  4 |
---------------+-------------+-----
Stealth        | 1 2 3 |  3.0
Fighting       | 2 |  2.3
Transmutations | 3 |  3.0
Dodging        | |  2.0
Unarmed Combat | |  3.8
Spellcasting   | |  2.0

Action                   |  1- 3 |  4- 6 || total
-------------------------+-------+-------++-------
Melee: Unarmed           |    67 |    44 ||   111
       Constrict         |    25 |    11 ||    36
       Tentacles         |    16 |     4 ||    20
       Kick              |    17 |     9 ||    26
       Punch             |     2 |     1 ||     3
 Cast: Beastly Appendage |    19 |     9 ||    28
  Use: Potion            |       |     4 ||     4
 Stab: Sleeping          |     4 |     3 ||     7
  Eat: Chunk             |       |     2 ||     2
Armor: Skin              |     5 |     2 ||     7
Dodge: Dodged            |    30 |    22 ||    52

Vault maps used:
D:1:      minmay_arrival_wavy_path
D:2:      minmay_tetromino_t2
D:3:      first_ration
D:4:      minmay_temple_entry_butterflies, serial_shops, shop, st_stairs_5,
          minmay_misc_feat_diagonals

Table legend:
 A = Turns spent in this place as a percentage of turns spent in the entire game.
 B = Non-inter-level travel turns spent in this place as a percentage of non-inter-level travel turns spent in the entire game.
 C = Inter-level travel turns spent in this place as a percentage of turns spent in this place.
 D = Turns resting spent in this place as a percentage of non-inter-level travel turns spent in this place.
 E = Turns spent auto-exploring this place as a percentage of non-inter-level travel turns spent in this place.
 F = Non-inter-level travel turns spent in this place divided by the number of levels of this place that you've seen.
                   A       B       C       D       E      F
               +-------+-------+-------+-------+-------+----------------------
         Total | 100.0 | 100.0 |   1.9 |   0.0 |  75.3 | 339.5
       Dungeon | 100.0 | 100.0 |   1.9 |   0.0 |  75.3 | 339.5
               +-------+-------+-------+-------+-------+----------------------

Table legend:
 A = Kills in this place as a percentage of kills in entire the game.
 B = Kills by you in this place as a percentage of kills by you in the entire game.
 C = Kills by friends in this place as a percentage of kills by friends in the entire game.
 D = Other kills in this place as a percentage of other kills in the entire game.
 E = Experience gained in this place as a percentage of experience gained in the entire game.
 F = Experience gained in this place divided by the number of levels of this place that you have seen.
                   A       B       C       D       E      F
               +-------+-------+-------+-------+-------+----------------------
         Total | 100.0 | 100.0 |   N/A |   N/A | 100.0 |  42.2
       Dungeon | 100.0 | 100.0 |   N/A |   N/A | 100.0 |  42.2
               +-------+-------+-------+-------+-------+----------------------
